 Dungeon Sprint DCSS version 0.21-a0-498-g1b60429 (webtiles) character file.

4020 esteth the Protected (level 10, -5/101 HPs)
             Began as a Minotaur Fighter on Nov 24, 2017.
             Was the Champion of Qazlal.
             Slain by a purple draconian
             ... wielding a +0 battleaxe
              (15 damage)
             ... in the Dungeon (Sprint V: "Ziggurat Sprint").
             The game lasted 00:04:14 (895 turns).

esteth the Protected (Minotaur Fighter)              Turns: 895, Time: 00:04:15

Health: -5/101     AC: 27    Str: 26    XL:     10   Next: 3%
Magic:  9/15       EV:  9    Int:  9    God:    Qazlal [******]
Gold:   0          SH: 25    Dex: 14    Spells: 9/9 levels left

rFire    . . .     SeeInvis +   O - +7 hand axe "Luefaolu" {chop, Int+4 SInv}
rCold    . . .     Gourm    .   J - +3 shield
rNeg     . . .     Faith    .   c - +9 crystal plate armour
rPois    .         Spirit   .   (helmet restricted)
rElec    .         Reflect  .   (no cloak)
rCorr    .         Harm     .   (no gloves)
MR       .....     NoTele   +   (no boots)
Stlth    ..........             (no amulet)
HPRegen  0.26/turn              u - +6 ring of strength
MPRegen  0.14/turn              N - +4 ring of evasion

@: corroded, repel missiles
A: retaliatory headbutt, horns 2
a: Upheaval, Elemental Force, Disaster Area, Renounce Religion


You were in the Dungeon.
You worshipped Qazlal.
Qazlal was exalted by your worship.
You were not hungry.

You visited 1 branch

Inventory:

Hand Weapons
 a - a +5 broad axe
 H - a +5 battleaxe
 I - a +5 executioner's axe
 L - the +2 war axe of Pitsup {pain, rF+}
   (You found it in the Dungeon)

   In the hands of one skilled in necromantic magic, it inflicts extra damage on
   living creatures.
   It protects you from fire.
 O - the +7 hand axe "Luefaolu" (weapon) {chop, Int+4 SInv}
   (You took it off a deep elf mage in the Dungeon)

   It inflicts extra damage upon your enemies.
   It affects your intelligence (+4).
   It lets you see invisible.
Armour
 b - a +0 scale mail
 c - a +9 crystal plate armour (worn)
 J - a +3 shield (worn)
Jewellery
 q - a +6 ring of dexterity
 r - a +6 ring of dexterity
 s - a +6 ring of intelligence
 t - a +6 ring of intelligence
 u - a +6 ring of strength (left hand)
 v - a +6 ring of strength
 N - a +4 ring of evasion (right hand)
Wands
 w - a wand of disintegration (7)
 x - a wand of iceblast (7)
 y - a wand of acid (7)
Scrolls
 k - 4 scrolls of blinking
 z - 4 scrolls of amnesia
 A - 7 scrolls of fog
 B - a scroll of holy word
 C - 5 scrolls of identify
 D - 5 scrolls of remove curse
 E - 2 scrolls of fear
 K - 2 scrolls of brand weapon
Potions
 d - 6 potions of might
 e - 10 potions of curing
 g - 10 potions of heal wounds
 h - 6 potions of haste
 i - 7 potions of magic
 j - 3 potions of berserk rage
 l - 2 potions of brilliance
 m - 2 potions of invisibility
 n - 4 potions of resistance
 o - a potion of experience
 p - 5 potions of agility
Comestibles
 f - 5 bread rations
 F - 42 fruits
 G - 4 meat rations


   Skills:
 + Level 13.3 Fighting
 + Level 13.0 Axes
 + Level 13.3 Armour
 + Level 13.3 Shields
 + Level 8.4 Invocations


You had 9 spell levels left.
You didn't know any spells.

Dungeon Overview and Level Annotations

Branches:
Dungeon (1/1)

Altars:
Ashenzari
Cheibriados
Dithmenos
Elyvilon
Fedhas
Gozag
Hepliaklqana
Kikubaaqudgha
Makhleb
Nemelex Xobeh
Okawaru
Qazlal
Ru
Sif Muna
Trog
Uskayaw
Vehumet
Wu Jian
Xom
Yredelemnul
Zin
The Shining One
Beogh
Jiyva
Lugonu

Annotations:
D 1 transporter


Innate Abilities, Weirdness & Mutations

You reflexively headbutt those who attack you in melee.
You have a pair of horns on your head.


Message History

The purple draconian hits you but does no damage.
You hit the red draconian but do no damage.
Your headbutt misses the red draconian.
The red draconian is almost dead.
You hit the purple draconian.
Your crystal plate armour prevents you from hitting the draconian.
You barely miss the draconian. You closely miss the draconian.
You hit the draconian but do no damage. You hit the yellow draconian.
You block the draconian's attack. You block the red draconian's attack.
The draconian barely misses you.
The yellow draconian hits you but does no damage.
The draconian hits you but does no damage. x2
You hit the draconian.
The draconian is moderately wounded.
You hit the draconian but do no damage. You hit the purple draconian.
You closely miss the red draconian.
Your crystal plate armour prevents you from hitting the yellow draconian.
You hit the draconian but do no damage. x2; You block the draconian's attack.
The purple draconian hits you with a battleaxe!
You die...

▓....©....▓...©...▓
▓▓▓▓▓▓▓▓▓▓▓▓▓▓▓▓▓▓▓
▓...8©8...▓..8©8..▓
▓..=:||[..▓..:))..▓
▓....|}...▓..:=}..▓
▓.........▓.......▓
▓..§§§§§..▓.......▓
▓..§ddd§..▓...))÷.▓
▓..dd@d...▓.......▓
▓.▓§§dd.▓.▓.▓..)▓.▓
▓....§....▓...©...▓
▓▓▓▓▓▓▓▓▓▓▓▓▓▓▓▓▓▓▓


You could see a yellow draconian, a purple draconian, a red draconian and 5
draconians.

Vanquished Creatures
  2 dancing weapons (D)
  A thrashing horror (D)
  An ugly thing (D)
  2 deep elf magi (D)
  A wolf spider (D)
  A large abomination (D)
  A jumping spider (D)
  2 tarantellas (D)
  A redback (D)
  An air elemental (D)
  A water elemental (D)
  A chaos spawn (D)
  A water moccasin (D)
  2 hell hounds (D)
  A centaur (shapeshifter) (D)
  5 scorpions (D)
  3 adders (D)
  A shadow imp (D)
  A white imp (D)
  An ufetubus (D)
  5 ball pythons (D)
  A fire vortex (D)
36 creatures vanquished.

Notes
Turn   | Place    | Note
-------+----------+-------------------------------------------
     0 | D        | Found the +6 Majin-Bo {vamp, Archmagi MP+6 Int+6}
     0 | D        | Found the +7 great mace "Firestarter" {inner flame, rF++}
     0 | D        | esteth the Minotaur Fighter began the quest for the Orb.
     0 | D        | Reached XP level 1. HP: 19/19 MP: 0/0
     0 | D        | Found a deep blue altar of Sif Muna.
     0 | D        | Found a bloodstained altar of Trog.
     0 | D        | Found a sacrificial altar of Ru.
     0 | D        | Found a stormy altar of Qazlal.
     0 | D        | Found an iron altar of Okawaru.
     1 | D        | Found a sparkling altar of Nemelex Xobeh.
     1 | D        | Found a blossoming altar of Fedhas.
     4 | D        | Found an ancient bone altar of Kikubaaqudgha.
     4 | D        | Found a transporter.
     4 | D        | Found a corrupted altar of Lugonu.
     4 | D        | Found a viscous altar of Jiyva.
     4 | D        | Found a burning altar of Makhleb.
     4 | D        | Found a hazy altar of Hepliaklqana.
     4 | D        | Found an opulent altar of Gozag.
    14 | D        | Became a worshipper of Qazlal Stormbringer
    39 | D        | Found the +9 heavy crossbow "Sniper" {velocity, Acc+∞ SInv}
    39 | D        | Found the +10 dark maul {crush}
    39 | D        | Found the +15 Maxwell's patent armour {-Cast -Tele rElec MR+ rCorr}
    39 | D        | Found the +18 shield of the Gong {rElec rN+ MR+ EV-5}
    39 | D        | Found the cursed +14 obsidian axe {chop, +Fly SInv *Curse}
    40 | D        | Found the +6 shillelagh "Devastator" {shatter}
    40 | D        | Found the +11 plutonium sword {*Contam Stlth-}
    40 | D        | Found the +8 lance "Wyrmbane" {slay drac, rPois rF+ rC+ AC+3}
    40 | D        | Found the +9 sword of Zonguldrok {reap}
    40 | D        | Found the cursed +13 scythe of Curses {drain, *Curse}
    40 | D        | Found the +0 sword of Power
    40 | D        | Found the +2 mace of Variability {chaos}
    40 | D        | Found the +7 Singing Sword
    40 | D        | Found the +7 longbow "Piercer" {penet, EV-2}
   119 | D        | Entered arena 2.
   119 | D        | Noticed a wolf
   119 | D        | Noticed a brown ugly thing
   119 | D        | Found a transporter.
   122 | D        | Noticed a centaur
   122 | D        | a wolf changed into a centaur
   128 | D        | Killed a centaur
   128 | D        | Reached skill level 5 in Axes
   128 | D        | Reached XP level 2. HP: 30/30 MP: 1/1
   128 | D        | Reached XP level 3. HP: 37/37 MP: 2/2
   128 | D        | Reached XP level 4. HP: 44/44 MP: 3/3
   129 | D        | Killed a brown ugly thing
   129 | D        | Reached XP level 5. HP: 57/57 MP: 4/4
   129 | D        | Reached XP level 6. HP: 64/64 MP: 5/5
   137 | D        | Entered arena 3.
   137 | D        | Noticed a tarantella
   137 | D        | Found a transporter.
   141 | D        | Reached * piety under Qazlal
   141 | D        | Reached skill level 1 in Invocations
   141 | D        | Reached XP level 7. HP: 69/71 MP: 6/6
   143 | D        | Killed a tarantella
   143 | D        | Reached skill level 10 in Fighting
   143 | D        | Reached skill level 10 in Armour
   143 | D        | Reached skill level 10 in Shields
   199 | D        | Entered arena 4.
   199 | D        | Found a transporter.
   203 | D        | Reached ** piety under Qazlal
   203 | D        | Reached skill level 10 in Axes
   213 | D        | Got the +2 war axe of Pitsup {pain, rF+}
   308 | D        | Entered arena 5.
   308 | D        | Found a transporter.
   313 | D        | Reached *** piety under Qazlal
   315 | D        | Reached XP level 8. HP: 81/81 MP: 8/10
   328 | D        | Entered arena 6.
   328 | D        | Found a transporter.
   332 | D        | Reached **** piety under Qazlal
   353 | D        | Entered arena 7.
   353 | D        | Noticed a thrashing horror
   353 | D        | Noticed a large abomination
   354 | D        | Found a transporter.
   361 | D        | Reached ***** piety under Qazlal
   361 | D        | Killed a large abomination
   361 | D        | Reached skill level 5 in Invocations
   363 | D        | Killed a thrashing horror
   363 | D        | Reached XP level 9. HP: 66/90 MP: 10/12
   446 | D        | Entered arena 8.
   446 | D        | Noticed a long sword of slicing
   446 | D        | Noticed a deep elf mage
   446 | D        | Noticed a war axe of freezing
   446 | D        | Noticed a deep elf mage
   447 | D        | Found a transporter.
   452 | D        | Killed a long sword of slicing
   453 | D        | Noticed a jumping spider
   453 | D        | Killed a deep elf mage
   455 | D        | Killed a war axe of freezing
   456 | D        | Killed a deep elf mage
   456 | D        | Reached ****** piety under Qazlal
   459 | D        | Got the +7 hand axe "Luefaolu" {chop, Int+4 SInv}
   611 | D        | Entered arena 9.
   611 | D        | Noticed a wolf spider
   611 | D        | Noticed a jumping spider
   612 | D        | Found a transporter.
   623 | D        | Killed a wolf spider
   623 | D        | Killed a jumping spider
   623 | D        | Reached XP level 10. HP: 81/101 MP: 13/15
   876 | D        | Entered arena 10.
   876 | D        | Noticed a yellow draconian
   876 | D        | Noticed a draconian
   876 | D        | Noticed a draconian
   876 | D        | Noticed a purple draconian
   876 | D        | Noticed a draconian
   876 | D        | Noticed a draconian
   876 | D        | Noticed a draconian
   876 | D        | Noticed a red draconian
   877 | D        | Found a transporter.
   895 | D        | Slain by a purple draconian

Vault maps used:
D:        sprint_v

Skill      XL: |  1  2  3  4  5  6  7  8  9 |
---------------+----------------------------+-----
Fighting       | 6 9 10 11 13 | 13.3
Axes           | 5 9 10 11 13 | 13.0
Armour         | 6 9 10 11 13 | 13.3
Shields        | 6 9 10 11 13 | 13.3
Invocations    | 1 4 6 8 |  8.4

Action                   |  1- 3 |  4- 6 |  7- 9 | 10-12 || total
-------------------------+-------+-------+-------+-------++-------
Melee: Broad axe         |     8 |     4 |     9 |       ||    21
       Headbutt          |     3 |     1 |    20 |     6 ||    30
       War axe           |       |       |    42 |       ||    42
       Hand axe          |       |       |    10 |    17 ||    27
Invok: Disaster Area     |       |       |       |     1 ||     1
  Use: Scroll            |       |       |     4 |       ||     4
Armor: Crystal plate arm |    12 |     2 |    38 |    10 ||    62
Dodge: Dodged            |     1 |     1 |    21 |     2 ||    25
Block: Shield            |    15 |     5 |    93 |    24 ||   137

Table legend:
 A = Spawn XP
 B = Non-spawn XP
 C = Spawn XP percentage of total XP
 D = Spawn monster count
 E = Non-spawn monster count
 F = Spawn count percentage of total count
 G = Total turns spent on level
                    A         B        C        D         E        F      G
               +---------+---------+-------+---------+---------+-------+---------
         Total |       0 |    5744 |   0.0 |       0 |      35 |   0.0 |   895
               +---------+---------+-------+---------+---------+-------+---------
             D |       0 |    5744 |   0.0 |       0 |      35 |   0.0 |   895
               +---------+---------+-------+---------+---------+-------+---------
